 Dungeon Crawl Stone Soup version 0.16-a0-3943-gb4b81e6 (console) character file.

3889 Fusha the Ducker (level 10, -2/74 (76) HPs)
             Began as a Demonspawn Hunter on Feb 8, 2015.
             Was a Priest of Okawaru.
             Slain by a spiny frog (14 damage)
             ... on level 1 of the Lair of Beasts.
             The game lasted 00:42:48 (7612 turns).

Fusha the Ducker (Demonspawn Hunter)                Turns: 7612, Time: 00:42:49

HP:   -2/74 (76)    AC:  9    Str: 14    XL:     10   Next: 0%
MP:   12/12         EV: 20    Int: 13    God:    Okawaru [***...]
Gold: 428           SH:  4    Dex: 22    Spells: 0 memorised, 9 levels left

rFire  + . .     SeeInvis +     a - +7 hand axe "Qall" {chop, rF+}
rCold  + . .     Clarity  .     j - +2 ring mail {rN+}
rNeg   + + .     SustAb   .     V - +0 buckler
rPois  .         Gourm    .     (helmet unavailable)
rElec  .         Spirit   .     p - +0 cloak
rCorr  .         Warding  .     (no gloves)
rMut   .         Stasis   .     (no boots)
MR     .....                    (no amulet)
Stlth  +++.......               N - +4 ring of dexterity
                                o - ring of positive energy

@: agile, lethally poisoned (-2 -> -18), not resistant to hostile enchantments,
fairly stealthy
A: antennae 3, hooves 1, cold resistance 1, powered by death 1, spit poison 2,
weak 1, evolution 1, freezing cloud immunity
a: Spit Poison, Heroism, Renounce Religion


You were on level 1 of the Lair of Beasts.
You worshipped Okawaru.
Okawaru was most pleased with you.
You were very full.

You visited 3 branches of the dungeon, and saw 10 of its levels.

You collected 428 gold pieces.

Inventory:

Hand weapons
 a - the +7 hand axe "Qall" (weapon) {chop, rF+}
   (You found it on level 4 of the Dungeon)

   It inflicts extra damage upon your enemies.
   It protects you from fire.
 b - a +1 hunting sling of flaming
 r - a +2 quarterstaff of chaos
 v - a +0 short sword
 C - a +0 blowgun
Missiles
 c - 2 throwing nets
 e - 7 tomahawks (quivered)
 g - 179 stones
 i - 57 poisoned needles
 q - 5 javelins
 y - 3 tomahawks of dispersal
 B - 46 sling bullets
 E - 5 poisoned tomahawks
Armour
 d - a +0 leather armour
 j - a +2 ring mail of positive energy (worn)
 p - a +0 cloak (worn)
 V - a +0 buckler (worn)
Magical staves
 S - an uncursed staff of wizardry
Jewellery
 o - a ring of positive energy (left hand)
 A - an uncursed amulet of stasis
 N - a +4 ring of dexterity (right hand)
Magical devices
 n - a wand of cold (6)
 u - a wand of digging (18)
 G - a wand of random effects (0)
 H - a wand of random effects (1)
 P - a wand of digging (3)
 U - a wand of flame (34)
 W - a wand of magic darts (34)
 Y - a wand of draining (4)
Scrolls
 h - 2 scrolls of blinking
 k - 3 scrolls of remove curse
 l - 3 scrolls of magic mapping
 s - a scroll of enchant weapon {unknown}
 t - 3 scrolls of noise {unknown}
 w - 2 scrolls of recharging {unknown}
 D - 2 scrolls of teleportation {unknown}
 I - a scroll of fog {unknown}
 K - 2 scrolls of fear {unknown}
 Q - a scroll of enchant armour {unknown}
 R - a scroll of random uselessness {unknown}
 X - a scroll of immolation {unknown}
Potions
 m - 2 potions of resistance
 x - a potion of flight
 F - a potion of mutation
 L - a potion of curing
 M - a potion of invisibility
Books
 z - a book of the Earth

   Spells                             Type                      Level
   a - Leda's Liquefaction            Hexes/Earth                  4
   b - Bolt of Magma                  Conjuration/Fire/Earth       5
   c - Statue Form                    Transmutation/Earth          6
   d - Iron Shot                      Conjuration/Earth            6
   e - Shatter                        Earth                        9
 Z - a book of Enchantments

   Spells                             Type                      Level
   a - Tukima's Dance                 Hexes                        3
   b - Cause Fear                     Hexes                        4
   c - Silence                        Hexes/Air                    5
   d - Deflect Missiles               Charms/Air                   6
   e - Haste                          Charms                       6
   f - Discord                        Hexes                        8
Comestibles
 f - 10 bread rations
 J - 2 meat rations
 O - 2 beef jerkies


   Skills:
 + Level 6.0 Fighting
 + Level 1.0 Short Blades
 + Level 5.1 Axes
 + Level 1.0 Staves
 + Level 4.3(5.2) Slings
 + Level 4.4(5.3) Throwing
 + Level 5.7 Armour
 + Level 6.6 Dodging
 + Level 2.9 Stealth
 + Level 0.1 Shields
 + Level 1.4 Evocations


You had 9 spell levels left.
You didn't know any spells.

Dungeon Overview and Level Annotations

Branches:
Dungeon (8/15)             Temple (1/1) D:5            Lair (1/8) D:8

Altars:
Dithmenos
Elyvilon
Fedhas
Gozag
Kikubaaqudgha
Makhleb
Nemelex Xobeh
Okawaru
Ru
Sif Muna
Trog
Vehumet
Xom
Yredelemnul
The Shining One

Annotations:
D:4 stuff behind stone


Innate Abilities, Weirdness & Mutations

You have a pair of large antennae on your head (SInv).
Your flesh is cold resistant.
You can steal the life force of nearby defeated enemies.
You are immune to freezing clouds.
You have large cloven feet.
You can spit moderately strong poison.
You are weak. (Str -2)
You evolve.


Message History

You kick the spiny frog, but do no damage.
The spiny frog is severely wounded.
You feel very sick. The spiny frog stings you!
* * * LOW HITPOINT WARNING * * *
You closely miss the spiny frog.
You kick the spiny frog, but do no damage.
The spiny frog is severely wounded.
* * * LOW HITPOINT WARNING * * *
You feel sick. The spiny frog closely misses you.
You hit the spiny frog. Your kick misses the spiny frog.
The spiny frog is severely wounded.
* * * LOW HITPOINT WARNING * * *
You feel sick. The spiny frog closely misses you.
You hit the spiny frog but do no damage.
You kick the spiny frog, but do no damage.
The spiny frog is severely wounded.
* * * LOW HITPOINT WARNING * * *
You feel sick. The spiny frog stings you!
You die...

. ##.. #.# ###...
#..# ###.....
#..## ####...####
#...######...####
#..##P...#P##
##.....#####
#...#### #.@##
#..F..# ##
#.......# #P
#.........# #.
#........$.# #.
..........# #.
.........# ##
.......## ## ...
#.


You could see a spiny frog.

Vanquished Creatures
  A komodo dragon (Lair:1)
  A basilisk (Lair:1)
  A yak (D:8)
  A hungry ghost (D:7)
  A deep elf fighter (D:8)
  A hippogriff (D:8)
  A black bear (D:7)
  3 sky beasts
  A necrophage (D:6)
  5 ogres
  A phantom (D:4)
  An ice beast (D:7)
  2 centaurs
  2 giant frogs (D:6)
  2 jellies
  A scorpion (D:7)
  8 killer bees (D:8)
  An orc priest (D:5)
  A goliath beetle (D:6)
  5 hounds
  2 giant frog zombies
  A centaur skeleton (D:8)
  A crimson imp (D:8)
  A gnoll shaman (D:7)
  Crazy Yiuf (D:2)
  2 orc wizards
  Natasha (thrice) (D:5)
  4 iguanas
  10 worker ants
  6 gnolls
  6 adders
  3 river rats (D:8)
  A shadow imp (D:7)
  4 giant mites
  3 worms
  An adder skeleton (D:5)
  A giant gecko (D:3)
  An ooze (D:1)
  14 orcs
  25 bats
  2 bat skeletons (D:8)
  2 bat zombies (D:8)
  9 giant cockroaches
  11 goblins
  14 hobgoblins
  6 jackals (D:1)
  5 quokkas
  A ball python (D:3)
  5 giant newts
  12 kobolds
  A quokka skeleton (D:5)
  24 rats
  A fungus (D:8)
223 creatures vanquished.

Vanquished Creatures (others)
  A fungus (D:8)
1 creature vanquished.

Grand Total: 224 creatures vanquished

Notes
Turn   | Place    | Note
--------------------------------------------------------------
     0 | D:1      | Fusha, the Demonspawn Hunter, began the quest for the Orb.
     0 | D:1      | Reached XP level 1. HP: 16/16 MP: 1/1
   517 | D:1      | Gained mutation: You have a pair of small antennae on your head. [demonic ancestry]
   517 | D:1      | Reached XP level 2. HP: 20/22 MP: 2/2
   605 | D:1      | Reached skill level 4 in Throwing
  1074 | D:1      | Reached XP level 3. HP: 27/27 MP: 3/3
  1759 | D:2      | Reached skill level 1 in Armour
  1790 | D:2      | Noticed Crazy Yiuf
  1801 | D:2      | Killed Crazy Yiuf
  1801 | D:2      | Gained mutation: You have a pair of antennae on your head. [demonic ancestry]
  1801 | D:2      | Reached XP level 4. HP: 34/34 MP: 4/4
  1872 | D:2      | Found a shadowy altar of Dithmenos.
  1967 | D:3      | Reached skill level 1 in Short Blades
  2153 | D:3      | Reached skill level 1 in Stealth
  2180 | D:3      | Reached XP level 5. HP: 33/41 MP: 5/5
  2920 | D:4      | Noticed a phantom
  3133 | D:4      | Reached skill level 1 in Staves
  3144 | D:4      | Got an ichor-stained hand axe
  3145 | D:4      | Identified the +7 hand axe "Qall" {chop, rF+} (You found it on level 4 of the Dungeon)
  3180 | D:4      | Noticed an ogre
  3204 | D:4      | Killed an ogre
  3204 | D:4      | Gained mutation: You have a pair of large antennae on your head (SInv). [demonic ancestry]
  3204 | D:4      | Reached XP level 6. HP: 14/47 MP: 6/6
  3362 | D:4      | Killed a phantom
  3362 | D:4      | Reached skill level 1 in Slings
  3449 | D:4      | Noticed an ogre
  3462 | D:4      | Killed an ogre
  3578 | D:4      | Gained mutation: Your flesh is cold resistant. [demonic ancestry]
  3578 | D:4      | Reached XP level 7. HP: 46/52 MP: 7/7
  3836 | D:5      | Entered Level 5 of the Dungeon
  3928 | D:5      | Reached skill level 1 in Axes
  4384 | D:5      | Noticed Natasha
  4395 | D:5      | Killed Natasha
  4419 | D:5      | Noticed Natasha
  4426 | D:5      | Killed Natasha
  4609 | D:5      | Noticed Natasha
  4612 | D:5      | Killed Natasha
  4629 | D:5      | Found a staircase to the Ecumenical Temple.
  4650 | Temple   | Entered the Ecumenical Temple
  4718 | Temple   | Became a worshipper of Warmaster Okawaru
  4767 | D:5      | Gained mutation: You can steal the life force of nearby defeated enemies. [demonic ancestry]
  4767 | D:5      | Reached XP level 8. HP: 60/60 MP: 8/8
  4914 | D:6      | Gained mutation: You are weak. (Str -2) [potion of mutation]
  4914 | D:6      | Gained mutation: You evolve. [potion of mutation]
  4914 | D:6      | Gained mutation: You can spit poison. [potion of mutation]
  5039 | D:6      | Gained mutation: You can spit moderately strong poison. [evolution]
  5354 | D:6      | Reached skill level 5 in Dodging
  5826 | D:7      | Found a basalt altar of Yredelemnul.
  5846 | D:7      | Reached skill level 5 in Fighting
  5884 | D:7      | Found a glowing golden altar of the Shining One.
  5906 | D:7      | Acquired Okawaru's first power
  6077 | D:7      | Gained mutation: You are immune to freezing clouds. [demonic ancestry]
  6077 | D:7      | Reached XP level 9. HP: 64/66 MP: 9/9
  6660 | D:8      | Reached skill level 5 in Armour
  6736 | D:8      | Gained mutation: You have large cloven feet. [evolution]
  7013 | D:8      | Reached skill level 6 in Dodging
  7224 | D:8      | Found a staircase to the Lair.
  7229 | D:8      | Reached skill level 5 in Axes
  7384 | Lair:1   | Entered Level 1 of the Lair of Beasts
  7384 | Lair:1   | Noticed a komodo dragon
  7393 | Lair:1   | Killed a komodo dragon
  7393 | Lair:1   | Reached skill level 1 in Evocations
  7481 | Lair:1   | Reached XP level 10. HP: 68/74 MP: 10/12
  7597 | Lair:1   | Noticed a spiny frog
  7612 | Lair:1   | Slain by a spiny frog

Action                   |  1- 3 |  4- 6 |  7- 9 | 10-12 || total
-------------------------+-------+-------+-------+-------++-------
Melee: Short sword       |   217 |       |       |       ||   217
       Quarterstaff      |       |    72 |       |       ||    72
       Hand axe          |       |    32 |   341 |    11 ||   384
 Fire: Hunting sling     |       |    22 |    61 |       ||    83
Throw: Stone             |     9 |       |       |       ||     9
       Tomahawk          |     4 |     8 |     2 |       ||    14
       Javelin           |     4 |     4 |       |       ||     8
       Throwing net      |       |     1 |       |       ||     1
 Abil: Spit Poison       |       |       |     1 |       ||     1
Evoke: Wand              |       |       |    12 |     4 ||    16
  Use: Scroll            |       |     1 |     4 |     2 ||     7
       Potion            |       |       |     3 |     1 ||     4
 Stab: Held in net/web   |       |     1 |       |       ||     1
       Distracted        |       |       |     1 |       ||     1
       Sleeping          |       |       |       |     1 ||     1
  Eat: Chunk             |     2 |       |     1 |       ||     3
       Royal jelly       |     1 |       |     1 |       ||     2
       Meat ration       |       |     1 |     1 |       ||     2
       Pizza             |       |       |     3 |       ||     3
       Beef jerky        |       |       |       |     5 ||     5
